 Dungeon Crawl Stone Soup version 0.29.0 (webtiles) character file.

Game seed: 2052783051168174425

33 Jonnyslop the Trooper (level 3, 0/24 HPs)
             Began as a Gargoyle Fighter on Aug 31, 2022.
             Slain by a goblin
             ... wielding a +0 club
             ... led by Robin
              (4 damage)
             ... on level 2 of the Dungeon.
             The game lasted 00:04:22 (978 turns).

Jonnyslop the Trooper (Gargoyle Fighter)             Turns: 978, Time: 00:04:22

Health: 0/24       AC: 10    Str: 21    XL:     3   Next: 29%
Magic:  3/3        EV:  9    Int:  8    God:
Gold:   23         SH:  5    Dex:  9    Spells: 2/2 levels left

rFire   . . .      SeeInvis .   a - +0 trident
rCold   . . .      Faith    .   c - +1 buckler
rNeg    + . .      Spirit   .   b - +0 scale mail
rPois   ∞          Reflect  .   (no helmet)
rElec   +          Harm     .   (no cloak)
rCorr   .          Rampage  .   (no gloves)
Will    .....                   (no boots)
Stlth   ..........              (no amulet)
HPRegen 0.08/turn               (no ring)
MPRegen 0.08/turn               (no ring)

@: no status effects
A: sickness immunity, AC +3, negative energy resistance 1, electricity
resistance, torment resistance 1, petrification resistance
a: no special abilities


You were on level 2 of the Dungeon.
You visited 1 branch of the dungeon, and saw 2 of its levels.

You collected 23 gold pieces.

Inventory:

Hand Weapons
 a - a +0 trident (weapon)
Armour
 b - a +0 scale mail (worn)
 c - a +1 buckler (worn)
Scrolls
 e - a scroll of enchant armour
Potions
 d - a potion of might
 f - a potion of curing
 g - a potion of heal wounds
 i - a potion of attraction {unknown}


   Skills:
 + Level 3.8 Fighting
 * Level 2.9 Polearms
 - Level 3.2 Armour
 - Level 3.2 Shields


You had 2 spell levels left.
You didn't know any spells.
Your spell library was empty.

Dungeon Overview and Level Annotations

Branches:
Dungeon (2/15)

Altars:


Innate Abilities, Weirdness & Mutations

You are immune to sickness and miasma.
Your stone body is resilient. (AC +3)
You are immune to poison.
You resist negative energy. (rN+)
You are resistant to electric shocks. (rElec)
You are resistant to unholy torment.
You are immune to petrification.


Message History

You block the goblin's attack.
You miss the goblin. The goblin completely misses you.
The goblin hits you with a +0 club.
You barely miss the goblin. The goblin closely misses you. x2
You barely miss the goblin. The goblin hits you but does no damage.
The goblin misses you.
You closely miss the goblin. The goblin hits you with a +0 dagger.
You block the goblin's attack.
You are too injured to fight recklessly!
You are too injured to fight recklessly!
You are too injured to fight recklessly!
You are too injured to fight recklessly!
You are too injured to fight recklessly!
You are too injured to fight recklessly!
You are too injured to fight recklessly!
You are too injured to fight recklessly!
You are too injured to fight recklessly!
You are too injured to fight recklessly!
You are too injured to fight recklessly!
You are too injured to fight recklessly!
You are too injured to fight recklessly!
You are too injured to fight recklessly!
You are too injured to fight recklessly!
You completely miss the goblin. The goblin barely misses you.
The goblin hits you with a +0 club.
* * * LOW HITPOINT WARNING * * *
The goblin hits you but does no damage. x2
A goblin comes into view. It is wielding a staff of death.
You hit the goblin but do no damage.
The goblin no longer looks unusually strong. x2
The goblin hits you but does no damage. x2
You barely miss the goblin.
The goblin no longer looks unusually strong.
The goblin barely misses you. x2
You barely miss the goblin. The goblin hits you but does no damage.
You block the goblin's attack.
You hit the goblin.
You kill the goblin!
The goblin hits you with a +0 club.
You die...

#.....# #.#
#.....####.#
####.....##.#
#........##.#
#.##.....##.#
#<##.....##.######
#+##.....##......#
#############.#
..gwggg@)...#
#############


You could see a worm and 4 goblins.

Vanquished Creatures
  Robin (D:2)
  A ball python (D:1)
  An endoplasm (D:1)
  2 giant cockroaches (D:1)
  5 goblins (D:2)
  2 hobgoblins (D:1)
  4 jackals (D:1)
  A kobold (D:1)
  A quokka (D:2)
  A bat (D:1)
19 creatures vanquished.

Notes
Turn   | Place    | Note
-------+----------+-------------------------------------------
     0 | D:1      | Jonnyslop the Gargoyle Fighter began the quest for the Orb.
     0 | D:1      | Reached XP level 1. HP: 14/14 MP: 1/1
   124 | D:1      | Reached XP level 2. HP: 13/19 MP: 2/2
   956 | D:2      | Noticed Robin
   968 | D:2      | Killed Robin
   969 | D:2      | Reached XP level 3. HP: 20/24 MP: 3/3
   978 | D:2      | Slain by a goblin

Illustrated notes

Levels and vault maps discovered:
D:1:      minmay_arrival_nine_rooms, layout_loops_ring
D:2:      layout_basic, grunt_decor_cap, uniq_robin, uniq_terence, uniq_jessica

Skill      XL: |  1 |
---------------+----+-----
Polearms       | 2 |  2.9
Fighting       | |  3.8
Armour         | |  3.2
Shields        | |  3.2

Action                   || total
-------------------------++-------
Melee: Trident           ||    69
  Use: Scroll            ||     5
Armor: Scale mail        ||    41
Dodge: Dodged            ||    32
Block: Buckler           ||    14
